 Dungeon Crawl Stone Soup version 0.22.1-1-ga44c0e56f4 (webtiles) character file.

109 AlolanVulpixel the Cudgeler (level 4, -1/29 HPs)
             Began as a Gargoyle Monk on Sept 26, 2018.
             Killed from afar by Sigmund (9 damage)
             ... with a magic dart
             ... on level 2 of the Dungeon.
             The game lasted 00:04:29 (2280 turns).

AlolanVulpixel the Cudgeler (Gargoyle Monk)         Turns: 2280, Time: 00:04:30

Health: -1/29      AC:  5    Str: 15    XL:     4   Next: 89%
Magic:  4/4        EV: 13    Int: 11    God:
Gold:   80         SH:  0    Dex: 12    Spells: 3/3 levels left

rFire    . . .     SeeInvis .   a - +0 mace
rCold    . . .     Gourm    .   (no shield)
rNeg     + . .     Faith    .   b - +0 robe
rPois    ∞         Spirit   .   (no helmet)
rElec    +         Reflect  .   (no cloak)
rCorr    .         Harm     .   (no gloves)
MR       .....                  (no boots)
Stlth    ++........             (no amulet)
HPRegen  0.09/turn              h - ring of flight
MPRegen  0.09/turn              (no ring)

@: hasted, very quick
A: negative energy resistance 1, electricity resistance, unbreathing,
petrification resistance, rot immunity, AC +3
a: Evoke Flight


You were on level 2 of the Dungeon.
You were not hungry.

You visited 1 branch of the dungeon, and saw 2 of its levels.

You collected 80 gold pieces.

Inventory:

Hand Weapons
 a - a +0 mace (weapon)
Armour
 b - a +0 robe (worn)
Jewellery
 h - a ring of flight (left hand)
Scrolls
 e - a scroll of remove curse
Comestibles
 c - 4 rations


   Skills:
 + Level 3.9 Fighting
 + Level 4.2 Maces & Flails
 + Level 0.3 Throwing
 + Level 2.9 Dodging
 + Level 3.0 Stealth


You had 3 spell levels left.
You didn't know any spells.
Your spell library was empty.

Dungeon Overview and Level Annotations

Branches:
Dungeon (2/15)

Altars:
Elyvilon
Kikubaaqudgha
Vehumet

Annotations:
D:2 Sigmund


Innate Abilities, Weirdness & Mutations

You are resistant to torment.
Your stone body is resilient. (AC +3)
You are immune to poison.
You resist negative energy. (rN+)
You are resistant to electric shocks. (rElec)
You can survive without breathing.
You are immune to petrification.
You are immune to rotting.


Message History

Sigmund points at you and mumbles some strange words.
The magic dart hits you! Sigmund hits you but does no damage.
Press: ? - help, v - describe, . - travel, g - get item
Here: Sigmund, wielding a scythe of freezing and wearing a robe (lightly 2 poisoned javelins.
The floor.
You are too injured to fight recklessly!
You cannot move.
Sigmund gestures at you while chanting. The magic dart hits you!
Sigmund hits you but does no damage.
Sigmund hits you from afar with a scythe of freezing.
Sigmund freezes you.
* * * LOW HITPOINT WARNING * * *
You feel less wooden.
Your +0 robe unmelds from your body.
Sigmund casts a spell at you. The magic dart hits you!
You die...

.'................##
##..'.......
.####...###########
##.#....... ##
##...# ##.###......
# ###.# ##### #..#
##..... ########.#
#.()# #### ##...#
.......#.# #...#
##'## ######.#.# .@.
#.# #.#.# #)# #.#
#### #.#.# ♣♣@♣
##.## ...###.#.#
♣.♣♣ ##...#
#...##†#.# ♣♣.♣
#..... .....#.#.#
♣.♣♣ ##....
.........# ♣♣.♣♣
###### ##.#.
.....##### ♣...♣♣
#....####.#. #...##
♣.PP.♣ ####........
##.## #....#
######.#. ####
##..## #.#.


You could see Sigmund.

Vanquished Creatures
  Crazy Yiuf (D:2)
  Robin (D:2)
  2 adders (D:2)
  An ooze (D:1)
  A worm (D:2)
  A dart slug (D:1)
  A ball python (D:2)
  3 giant cockroaches (D:2)
  11 goblins
  6 hobgoblins
  A quokka (D:2)
  5 bats
  2 frilled lizards
  2 kobolds
  5 rats
43 creatures vanquished.

Notes
Turn   | Place    | Note
-------+----------+-------------------------------------------
     0 | D:1      | AlolanVulpixel the Gargoyle Monk began the quest for the
                  | Orb.
     0 | D:1      | Reached XP level 1. HP: 14/14 MP: 1/1
   208 | D:1      | Reached XP level 2. HP: 19/19 MP: 2/2
  1008 | D:2      | Found a radiant altar of Vehumet.
  1048 | D:2      | Reached XP level 3. HP: 16/23 MP: 3/3
  1634 | D:2      | Noticed Robin
  1636 | D:2      | Killed Robin
  1885 | D:2      | Reached XP level 4. HP: 20/29 MP: 4/4
  1927 | D:2      | Reached skill level 4 in Maces & Flails
  2034 | D:2      | Found an ancient bone altar of Kikubaaqudgha.
  2034 | D:2      | Found a white marble altar of Elyvilon.
  2218 | D:2      | Found a runed door.
  2222 | D:2      | Noticed Crazy Yiuf
  2222 | D:2      | Noticed Sigmund
  2235 | D:2      | Killed Crazy Yiuf
  2280 | D:2      | Killed from afar by Sigmund

Skill      XL: |  1  2  3  4 |
---------------+-------------+-----
Maces & Flails | 4 |  4.2
Stealth        | 3 |  3.0
Fighting       | |  3.9
Throwing       | |  0.3
Dodging        | |  2.9

Action                   |  1- 3 |  4- 6 || total
-------------------------+-------+-------++-------
Melee: Mace              |    91 |    44 ||   135
Throw: Javelin           |     5 |     5 ||    10
  Use: Scroll            |       |     4 ||     4
       Potion            |       |     1 ||     1
 Stab: Sleeping          |     8 |       ||     8
  Eat: Ration            |     1 |       ||     1
       Chunk             |     1 |       ||     1
Armor: Robe              |    28 |    19 ||    47
       Skin              |       |    27 ||    27
Dodge: Dodged            |    57 |    51 ||   108
